 Dungeon Crawl Stone Soup version 0.22.0-18-ge075c0de6d (webtiles) character file.

3170 Jukra the Grappler (level 9, -1/88 HPs)
             Began as a Troll Monk on Aug 18, 2018.
             Was an Elder of Wu Jian.
             Slain by a centaur (9 damage)
             ... on level 8 of the Dungeon on Aug 19, 2018.
             The game lasted 00:48:36 (5632 turns).

Jukra the Grappler (Troll Monk)                     Turns: 5632, Time: 00:48:37

Health: -1/88      AC:  7    Str: 21    XL:     9   Next: 63%
Magic:  8/8        EV: 13    Int:  6    God:    Wu Jian [****..]
Gold:   494        SH:  0    Dex: 15    Spells: 8/8 levels left

rFire    . . .     SeeInvis .     - Unarmed
rCold    . . .     Gourm    +   (no shield)
rNeg     . . .     Faith    .   r - +0 robe
rPois    .         Spirit   .   (helmet restricted)
rElec    .         Reflect  .   x - +1 cloak
rCorr    .         Harm     .   (gloves unavailable)
MR       .....                  (boots unavailable)
Stlth    ++........             h - amulet of the acrobat
HPRegen  0.64/turn              (no ring)
MPRegen  0.11/turn              (no ring)

@: no status effects
A: large, unfitting armour, claws 3, fast metabolism 3, gourmand, regeneration
1, shaggy fur 1, tough skin 2
a: Wall Jump, Serpent's Lash, Renounce Religion


You were on level 8 of the Dungeon.
You worshipped Wu Jian.
Wu Jian was greatly pleased with you.
You were completely stuffed.

You visited 2 branches of the dungeon, and saw 9 of its levels.

You collected 494 gold pieces.

Inventory:

Hand Weapons
 m - a +1 long sword of electrocution
 p - a +3 dagger
 s - a +1 short sword of flaming
 t - a cursed -1 hand axe
 v - a +1 hunting sling of flaming
Missiles
 o - 13 tomahawks (quivered)
Armour
 i - a +2 ring mail of fire resistance
 r - a +0 robe (worn)
 x - a +1 cloak (worn)
Magical Staves
 B - an uncursed staff of wizardry
Jewellery
 h - an amulet of the acrobat (around neck)
Wands
 a - a wand of digging (12)
Scrolls
 d - 3 scrolls of enchant armour
 f - a scroll of magic mapping
 g - 4 scrolls of remove curse
 j - 4 scrolls of identify
 k - a scroll of random uselessness
 l - 4 scrolls of enchant weapon
 n - 2 scrolls of blinking
 C - a scroll of immolation
 D - a scroll of teleportation
Potions
 e - 2 potions of flight
Comestibles
 b - 13 rations
 z - 3 chunks of flesh


   Skills:
 * Level 5.4 Fighting
 + Level 1.0 Throwing
 * Level 5.9 Dodging
 + Level 3.0 Stealth
 + Level 9.8 Unarmed Combat


You had 8 spell levels left.
You didn't know any spells.
Your spell library contained the following spells:

 Spells                   Type           Power        Failure   Level  Hunger
 Blink                    Tloc           N/A          58%         2    ###....
 Shroud of Golubria       Chrm/Tloc      #.........   58%         2    ###....
 Gell's Gravitas          Tloc           #.........   83%         3    ####...
 Lesser Beckoning         Tloc           #.........   83%         3    ####...
 Teleport Other           Tloc           #.......     83%         3    ####...
 Passage of Golubria      Tloc           N/A          99%         4    #####..


Dungeon Overview and Level Annotations

Branches:
Dungeon (8/15)             Temple (1/1) D:4
   Lair: D:8-11

Altars:
Ashenzari
Cheibriados
Dithmenos
Elyvilon
Fedhas
Gozag
Hepliaklqana
Kikubaaqudgha
Makhleb
Nemelex Xobeh
Okawaru
Qazlal
Ru
Sif Muna
Trog
Uskayaw
Vehumet
Wu Jian
Xom
Yredelemnul
Zin
The Shining One


Innate Abilities, Weirdness & Mutations

You are too large for most types of armour.
You have claws for hands.
Your metabolism is lightning-fast.
You like to eat raw meat.
Your natural rate of healing is unusually fast.
You are covered in fur. (AC +1)
You have very tough skin. (AC +2)


Message History

You see here 3 arrows.
The centaur shoots an arrow.
The arrow misses you.
You see here an arrow.
You spin and attack the black bear.
You claw the black bear!
You kill the black bear!
The Council accepts your kill.
The centaur shoots an arrow.
The arrow hits you!
* * * LOW HITPOINT WARNING * * *
The centaur shoots an arrow.
The arrow closely misses you.
You see here 2 arrows.
You lunge at the centaur.
You claw the centaur!
The centaur is heavily wounded.
The centaur unwields an uncursed shortbow.
The centaur hits you.
* * * LOW HITPOINT WARNING * * *
You see here a black bear corpse.
You claw the centaur!
The centaur is almost dead.
The centaur hits you!
You die...

..... ... g...###...
#.......O. #.........
#.........
#############........#
#........(.##........#
#.########@##..†.....#
#.# #c##........# #.#
#<(†c.......# #.#
#.##.†......# #.#
#...........# #.#
###.......... #.#
#...(###### #.# +.....
#.# #....##


You could see a centaur.

Vanquished Creatures
  A hippogriff (D:8)
  Menkaure (D:6)
  Edmund (D:6)
  3 sky beasts
  3 black bears
  An ogre (D:4)
  An orc warrior (D:7)
  A necrophage (D:7)
  2 phantoms
  A centaur (D:6)
  2 bullfrogs
  A scorpion (D:5)
  3 wights (D:7)
  2 howler monkeys (D:4)
  A bullfrog zombie (D:6)
  2 crimson imps
  7 hounds
  3 jellies (D:7)
  6 orc priests
  A bullfrog skeleton (D:6)
  7 orc wizards
  4 iguanas
  Ijyb (D:5)
  4 worker ants
  A killer bee zombie (D:7)
  2 hound zombies
  A howler monkey zombie (D:5)
  A gnoll (D:8)
  A howler monkey skeleton (D:6)
  9 adders
  2 shadow imps
  2 oozes
  An adder zombie (D:7)
  3 worms
  A dart slug (D:2)
  6 leopard geckos
  28 orcs
  9 bats
  4 giant cockroaches
  5 goblins
  6 hobgoblins
  6 jackals
  7 kobolds
  3 quokkas
  2 ball pythons
  A ball python skeleton (D:6)
  A leopard gecko skeleton (D:8)
  A quokka skeleton (D:6)
  8 rats
170 creatures vanquished.

Notes
Turn   | Place    | Note
-------+----------+-------------------------------------------
     0 | D:1      | Jukra the Troll Monk began the quest for the Orb.
     0 | D:1      | Reached XP level 1. HP: 22/22 MP: 0/0
   172 | D:1      | Reached XP level 2. HP: 28/29 MP: 1/1
   663 | D:2      | Reached XP level 3. HP: 36/36 MP: 2/2
  1260 | D:3      | Reached XP level 4. HP: 45/45 MP: 3/3
  1439 | D:3      | Reached skill level 4 in Unarmed Combat
  1441 | D:3      | Reached XP level 5. HP: 49/53 MP: 4/4
  1475 | D:3      | Found a shattered altar of Ashenzari.
  2127 | D:4      | Reached XP level 6. HP: 39/61 MP: 5/5
  2341 | D:4      | Found an iron altar of Okawaru.
  2445 | D:4      | Reached skill level 5 in Unarmed Combat
  2513 | D:4      | Found a staircase to the Ecumenical Temple.
  2536 | Temple   | Entered the Ecumenical Temple
  2628 | Temple   | Became a worshipper of the Wu Jian Council
  2628 | Temple   | Reached * piety under Wu Jian
  2628 | Temple   | Reached ** piety under Wu Jian
  2955 | D:4      | Reached XP level 7. HP: 68/68 MP: 6/6
  3123 | D:5      | Entered Level 5 of the Dungeon
  3242 | D:5      | Noticed Ijyb
  3249 | D:5      | Killed Ijyb
  3249 | D:5      | Reached skill level 1 in Throwing
  3323 | D:5      | Reached skill level 6 in Unarmed Combat
  3651 | D:5      | Reached XP level 8. HP: 70/78 MP: 7/7
  4076 | D:6      | Reached skill level 7 in Unarmed Combat
  4222 | D:6      | Noticed Edmund
  4238 | D:6      | Killed Edmund
  4481 | D:6      | Reached skill level 5 in Dodging
  4499 | D:6      | Reached *** piety under Wu Jian
  4577 | D:6      | Noticed Menkaure
  4583 | D:6      | Killed Menkaure
  4583 | D:6      | Reached skill level 8 in Unarmed Combat
  5001 | D:7      | Reached XP level 9. HP: 67/87 MP: 8/8
  5034 | D:7      | Reached skill level 5 in Fighting
  5196 | D:7      | Reached **** piety under Wu Jian
  5196 | D:7      | Reached skill level 9 in Unarmed Combat
  5240 | D:7      | Found a shimmering altar of Xom.
  5618 | D:8      | Noticed a two-headed ogre
  5632 | D:8      | Slain by a centaur

Skill      XL: |  1  2  3  4  5  6  7  8  9 |
---------------+----------------------------+-----
Fighting       | 3 4 5 |  5.4
Dodging        | 3 4 5 |  5.9
Unarmed Combat | 4 5 6 8 9 |  9.8
Throwing       | 1 |  1.0
Stealth        | 2 3 |  3.0

Action                   |  1- 3 |  4- 6 |  7- 9 || total
-------------------------+-------+-------+-------++-------
Melee: Unarmed           |    96 |   144 |   306 ||   546
       Punch             |       |     3 |     6 ||     9
Invok: Lunge             |       |     1 |    34 ||    35
       Whirlwind         |       |       |    49 ||    49
       Wall Jump         |       |       |     3 ||     3
 Abil: Wall Jump         |       |     2 |     1 ||     3
  Use: Scroll            |       |       |    12 ||    12
       Potion            |       |       |     5 ||     5
 Stab: Sleeping          |     5 |     4 |     7 ||    16
       Distracted        |       |       |     1 ||     1
  Eat: Chunk             |    15 |    17 |    25 ||    57
Armor: Robe              |    31 |    24 |    69 ||   124
Dodge: Dodged            |    46 |    75 |   136 ||   257
